 Dungeon Crawl Stone Soup version 0.16-a0-148-g3b84123 (webtiles) character file.

394043 Ololoev the Fencer (level 22, -8/193 HPs)
             Began as a Centaur Hunter on Aug 14, 2014.
             Was the Champion of Okawaru.
             Mangled by a tentacled monstrosity (9 damage)
             ... on Level 4 of the Vaults on Aug 15, 2014.
             The game lasted 06:44:28 (71608 turns).

Ololoev the Fencer (Centaur Hunter)                Turns: 71608, Time: 06:44:29

HP  -8/193       AC 34     Str 21      XL: 22   Next: 15%
MP   0/38        EV 18     Int 13      God: Okawaru [******]
Gold 3744        SH  0     Dex 20      Spells:  4 memorised, 20 levels left

rFire  + + +     SeeInvis +     g - +9 great sword (vamp)
rCold  . . .     Clarity  .     k - +7 scale mail of Quats {rF++ Str+3}
rNeg   . . .     rCorr    .     (no shield)
rPois  .         rRot     .     M - +1 helmet {SInv}
rElec  .         Spirit   +     C - +2 cloak {MR+}
SustAb .         Warding  .     X - +2 pair of gloves {Dex+3}
rMut   .         Stasis   .     q - +2 centaur barding {rF+}
Gourm  .                        P - amulet of guardian spirit
MR     +++..                    c - ring "Theonn" {+Rage MP+9 Int+3 Slay+3}
                                t - ring of protection from magic

@: lethally poisoned, exhausted, marked, slowed, constricted, extremely
resistant to hostile enchantments, extremely unstealthy
A: hooves 3, deformed body, deterioration 1, speed 2, regeneration 1, tough skin
3
a: Heroism, Finesse, Renounce Religion, Evoke Berserk Rage
}: 2/15 runes: decaying, gossamer


You were on level 4 of the Vaults.
You worshipped Okawaru.
Okawaru was exalted by your worship.
You were hungry.

You visited 8 branches of the dungeon, and saw 45 of its levels.
You visited the Abyss 1 time.
You also visited: Ice Cave.

You collected 6324 gold pieces.
You spent 2580 gold pieces at shops.

Inventory:

Hand weapons
 g - a +9 vampiric great sword (weapon)
 W - the +6 triple crossbow "Zonentygh" {freeze, Dex+3}
   (Okawaru gifted it to you on level 5 of the Swamp)

   It turns projectiles fired from it into bolts of frost.
   It affects your dexterity (+3).
Missiles
 j - 1047 bolts
 E - 88 bolts of flame
 F - 61 bolts of penetration
Armour
 k - the +7 scale mail of Quats (worn) {rF++ Str+3}
   (You bought it in a shop on level 2 of the Vaults)

   It affects your strength (+3).
   It greatly protects you from fire.
 q - a +2 centaur barding of fire resistance (worn)
 C - a +2 cloak of magic resistance (worn)
 M - a +1 helmet of see invisible (worn)
 X - a +2 pair of gloves of dexterity (worn)
Magical devices
 A - a wand of digging (10)
 B - a wand of digging (14)
 G - a wand of teleportation (5)
 J - a wand of disintegration (5)
Comestibles
 a - 22 bread rations
 b - a chunk of griffon flesh
Scrolls
 l - 25 scrolls of remove curse
 m - 6 scrolls of enchant armour
 n - 9 scrolls of magic mapping
 o - 6 scrolls of teleportation
 s - a scroll of fog
 u - a scroll of silence
 v - 6 scrolls of holy word
 x - 2 scrolls of summoning
 y - 2 scrolls of immolation
 D - 6 scrolls of recharging
 H - 12 scrolls of fear
 I - 3 scrolls of enchant weapon
 V - 2 scrolls of acquirement
 Z - 12 scrolls of identify
Jewellery
 c - the ring "Theonn" (right hand) {+Rage MP+9 Int+3 Slay+3}
   (You found it on level 8 of the Dungeon)

   [ring of magical power]

   It affects your intelligence (+3).
   It affects your accuracy and damage with ranged weapons and melee attacks
   (+3).
   It affects your magic capacity (+9).
   It lets you go berserk.
 h - an uncursed amulet of resist mutation
 t - a ring of protection from magic (left hand)
 P - an amulet of guardian spirit (around neck)
 U - an uncursed ring of flight
Potions
 d - 2 potions of berserk rage
 e - 6 potions of might
 f - 6 potions of restore abilities
 i - 2 potions of heal wounds
 p - 7 potions of curing
 z - 9 potions of haste
 L - 3 potions of agility
 O - 5 potions of resistance
 Q - 2 potions of cancellation
 R - 5 potions of invisibility
Miscellaneous
 r - a phial of floods
 w - a fan of gales
 S - a lamp of fire


   Skills:
 * Level 15.6 Fighting
 - Level 18.6 Long Blades
 - Level 14.2 Crossbows
 + Level 12.0 Armour
 - Level 16.4 Dodging
 - Level 0.5 Stealth
 - Level 3.8 Spellcasting
 - Level 4.0 Hexes
 - Level 4.7 Charms
 - Level 4.5 Necromancy
 - Level 8.0 Evocations


You had 20 spell levels left.
You knew the following spells:

 Your Spells              Type           Power        Failure   Level  Hunger
a - Regeneration          Chrm/Necr      ##........   17%         3    ###....
b - Spectral Weapon       Hex/Chrm       ##......     21%         3    ###....
c - Apportation           Tloc           #.........   43%         1    #......
d - Summon Butterflies    Summ           #.......     43%         1    #......


Dungeon Overview and Level Annotations

Branches:
Dungeon (15/15)            Temple (1/1) D:5             Orc (4/4) D:11
    Elf (3/3) Orc:3          Lair (8/8) D:9           Swamp (5/5) Lair:3
 Spider (5/5) Lair:4        Slime (0/6) Lair:6       Vaults (4/5) D:13
  Crypt (0/3) Vaults:2     Depths (0/5) D:15

Altars:
Ashenzari
Cheibriados
Dithmenos
Elyvilon
Fedhas
Gozag
Kikubaaqudgha
Makhleb
Nemelex Xobeh
Okawaru
Qazlal
Sif Muna
Trog
Vehumet
Xom
Yredelemnul
Zin
The Shining One

Shops:
D:13 [   D:15 *   Orc:2 %   Orc:4 [[:(   Elf:3 ?   Vaults:1 [   Vaults:2 [

Annotations:
D:9 exclusion: orange crystal statue


Innate Abilities, Weirdness & Mutations

You have hooves in place of feet.
Armour fits poorly on your strangely shaped body.
You cover ground very quickly.
You have extremely tough skin (AC +3).
Your body is slowly deteriorating.
Your natural rate of healing is unusually fast.


Message History

* * * LOW HITPOINT WARNING * * *
You can move again.
Drink which item? (? for menu, Esc to quit)
You feel better. The red wasp misses you. The yaktaur captain misses you.
The fire giant hits you with a great sword of flaming!
* * * LOW HITPOINT WARNING * * *
The yaktaur hits you but does no damage.
The ironheart preserver mumbles some strange words.
The ironheart preserver begins to accept its allies' injuries.
The red wasp stings you!
* * * LOW HITPOINT WARNING * * *
You are poisoned.
You feel as though you will be slow longer.
The yaktaur captain misses you. The yaktaur captain hits you!
* * * LOW HITPOINT WARNING * * *
The tentacled monstrosity tentacle-slaps you.
* * * LOW HITPOINT WARNING * * *
The tentacled monstrosity tentacle-slaps you but does no damage. x2
The tentacled monstrosity grabs you.
You die...

... .......
..... .(... ....
#######p'######
#......9O.(....
#.....cCyW.....#
#.....X@ce.....#
#######%c#######
#####++#
#%%..))#
#..))()#
#%.%%))#
#.%())%#
#########
#%.%.))# ######
........##
#%.%...# #....#


You could see a tentacled monstrosity, a fire giant, an ironheart preserver, 2
yaktaur captains, a war gargoyle, a phantasmal warrior, a red wasp, a yaktaur, a
deep elf conjurer and an ogre shaped shifter.

Vanquished Creatures
  Sojobo (Vaults:4)
  the Lernaean hydra (Swamp:5)
  A profane servitor (Abyss:1)
  Jory (Vaults:4)
  A lich (Abyss:1)
  A tentacled monstrosity (Vaults:4)
  3 deep elf blademasters (Elf:3)
  6 tentacled starspawn (Abyss:1)
  A deep elf master archer (Elf:3)
  4 sphinxes
  An Executioner (Abyss:1)
  Agnes (Vaults:1)
  Frances (Swamp:1)
  3 tengu reavers
  Roxanne (Elf:3)
  13 deep elf sorcerers (Elf:3)
  4 frost giants
  9 vault wardens
  2 fire giants (Vaults:4)
  Louise (Swamp:1)
  9 emperor scorpions
  A cacodemon (Abyss:1)
  Gastronok (D:8)
  An orc warlord (Vaults:2)
  An angel (Abyss:1)
  5 ghost moths
  An ophan (Abyss:1)
  6 war gargoyles
  5 very ugly things
  The ghost of lennard the Aerator, a powerful TeAE of Vehumet (D:13)
  7 deep elf demonologists
  6 stone giants
  10 deep elf annihilators
  A vampire knight (Vaults:2)
  A white draconian (Vaults:4)
  14 large abominations
  5 deep elf death magi
  2 blizzard demons (IceCv)
  3 fire dragons
  3 ettins
  4 deep elf high priests (Elf:3)
  11 ogre magi
  Josephine (D:14)
  18 ironheart preservers
  3 great orbs of eyes
  22 vault guards
  10 yaktaur captains
  27 hydras
  Fannar (Orc:3)
  A rakshasa (Abyss:1)
  3 ice dragons
  3 shambling mangroves
  8 centaur warriors
  A deep troll earth mage (Vaults:2)
  5 alligators
  11 death yaks (Lair:8)
  5 thrashing horrors (Abyss:1)
  A hell knight (Abyss:1)
  3 orc high priests (Orc:4)
  2 hell hogs (Abyss:1)
  A vampire mage (Vaults:2)
  Urug (Spider:1)
  Nergalle (D:14)
  A soul eater (Abyss:1)
  3 catoblepae (Lair:8)
  4 wretched stars (Abyss:1)
  Erolcha (D:10)
  A wizard (Swamp:1)
  3 shadow wraiths
  A sea snake (shapeshifter) (Elf:2)
  14 deep elf knights
  8 deep trolls
  6 ice devils (IceCv)
  An orb spider (shapeshifter) (Vaults:2)
  3 unseen horrors
  2 spriggan druids (Swamp:3)
  4 hill giants
  3 flayed ghosts
  7 ironbrand convokers
  19 orb spiders
  4 ice statues (IceCv)
  10 orc knights
  8 starcursed masses (Abyss:1)
  8 deep elf summoners
  A lindwurm (Lair:6)
  A shadow demon (Vaults:2)
  A giant orange brain (Abyss:1)
  15 swamp dragons
  13 deep elf conjurers
  3 phantasmal warriors (Vaults:4)
  4 cyclopes
  5 orc sorcerers
  3 necromancers
  A red wasp (shapeshifter) (D:15)
  7 red wasps
  A manticore (D:15)
  A tengu skeleton (Vaults:4)
  A fire giant zombie (Vaults:4)
  A harpy (shapeshifter) (Vaults:2)
  41 ugly things
  A salamander (D:15)
  26 wolf spiders
  3 sixfirhies (Abyss:1)
  5 griffons
  12 elephants
  18 spiny frogs
  A guardian serpent (shapeshifter) (Elf:1)
  A gargoyle (D:10)
  2 centaur zombies
  A guardian serpent (Abyss:1)
  16 vault sentinels
  3 black mambas
  A titan simulacrum (Abyss:1)
  4 torpor snails
  11 komodo dragons
  2 spiny frogs (shapeshifter)
  4 smoke demons (Abyss:1)
  10 deep elf priests
  An elf (shapeshifter) (Vaults:4)
  2 hydra zombies
  A queen ant (Spider:5)
  A kobold demonologist (Abyss:1)
  12 demonic crawlers
  A troll (D:14)
  3 anaconda simulacra (IceCv)
  3 ancient zymes (Abyss:1)
  35 yaktaurs
  A troll (shapeshifter) (Vaults:2)
  30 jumping spiders
  7 blue devils
  4 hellwings (Abyss:1)
  A red devil (Swamp:1)
  4 giant leeches
  27 blink frogs
  3 freezing wraiths
  A human zombie (Vaults:4)
  9 slime creatures
  5 boulder beetles
  A sphinx simulacrum (Vaults:4)
  9 ravens
  5 bog bodies
  2 fire giant simulacra
  A raven (shapeshifter) (Vaults:4)
  6 raiju (Abyss:1)
  20 trapdoor spiders
  4 air elementals
  20 two-headed ogres
  3 baby alligators (Swamp:1)
  An ettin zombie (Vaults:4)
  A dire elephant simulacrum (IceCv)
  2 basilisks
  2 flying skulls (Abyss:1)
  4 ynoxinuls (Abyss:1)
  An ice dragon skeleton (D:15)
  2 shadows (Abyss:1)
  A spriggan (shapeshifter) (Abyss:1)
  32 deep elf magi
  48 yaks
  29 redbacks
  18 tarantellas
  4 spriggans
  2 neqoxecs (Abyss:1)
  A hungry ghost (D:11)
  2 wyverns
  30 deep elf fighters
  Grum (D:8)
  4 golden eyes (Abyss:1)
  2 hill giant skeletons (D:14)
  33 vampire mosquitoes
  3 harpy simulacra (IceCv)
  4 wargs
  24 swamp worms
  Menkaure (D:4)
  9 wolves
  A chaos spawn (Abyss:1)
  11 hippogriffs
  4 hell hounds (Abyss:1)
  2 mottled dragons
  27 soldier ants (Spider:5)
  An iron troll simulacrum (IceCv)
  12 swamp drakes
  A soldier ant (shapeshifter) (Vaults:2)
  19 porcupines
  28 orc warriors
  11 small abominations
  2 ettin simulacra
  5 yellow wasps
  2 hydra simulacra
  24 water moccasins
  27 spiders
  5 necrophages
  44 ogres
  A centaur (shapeshifter) (Vaults:4)
  A snapping turtle zombie (Abyss:1)
  A black bear (shapeshifter) (Vaults:1)
  3 black bears
  4 ice beasts
  4 sky beasts
  A phantom (D:10)
  A boring beetle (shapeshifter) (Vaults:4)
  3 boggarts (Vaults:2)
  16 centaurs
  2 boring beetles (Lair:8)
  A komodo dragon zombie (D:12)
  16 crocodiles
  A big kobold (D:7)
  A yaktaur skeleton (D:15)
  18 giant frogs
  15 insubstantial wisps
  2 gnoll sergeants
  An ogre simulacrum (D:14)
  12 wights
  7 scorpions
  A water moccasin skeleton (D:10)
  11 killer bees
  3 electric eels
  A human simulacrum (Vaults:4)
  A yak skeleton (D:7)
  3 goliath beetles
  2 centaur skeletons
  8 crimson imps
  18 orc priests
  15 hounds
  15 jellies
  Crazy Yiuf (D:6)
  9 iron imps (Abyss:1)
  2 gnoll shamans (D:7)
  7 iguanas
  27 orc wizards
  3 quasits
  An orange rat (Elf:3)
  31 worker ants
  8 sheep (Lair:2)
  A dwarf skeleton (D:9)
  An ogre skeleton (D:4)
  A mummy (D:8)
  5 gnolls (D:7)
  31 adders
  63 green rats
  A giant mite (shapeshifter) (Vaults:2)
  10 shadow imps
  15 white imps
  4 worms
  3 giant mites
  4 ufetubi (Abyss:1)
  An adder zombie (D:9)
  6 giant geckos
  2 oozes
  138 orcs
  A ball python (D:3)
  12 bats
  A bat zombie (D:4)
  7 giant cockroaches
  28 hobgoblins
  15 quokkas
  2 giant newts (D:3)
  A giant spore (D:8)
  12 goblins
  11 jackals
  20 kobolds
  A lurking horror (Abyss:1)
  An orc skeleton (D:6)
  2 orc zombies
  19 rats
  2 rat zombies (D:4)
  A ballistomycete (D:8)
  A bush (D:1)
  A butterfly (Lair:6)
  2 crawling corpses (Vaults:3)
  2 fungi (Elf:3)
  5 plants
  6 starspawn tentacles (Abyss:1)
2039 creatures vanquished.

Vanquished Creatures (collateral kills)
  A wight (D:9)
1 creature vanquished.

Vanquished Creatures (others)
  A spectral weapon (Spider:5)
  An ogre mage (Vaults:4)
  A deep elf summoner (Elf:2)
  A blue devil (IceCv)
  A raiju (Abyss:1)
  2 fire elementals (Vaults:4)
  2 hippogriffs (Spider:5)
  2 ogres
  4 lost souls
  A killer bee (Lair:8)
  An orange rat (Vaults:3)
  An ufetubus (Abyss:1)
  7 fungi
  3 plants (Lair:7)
  33 starspawn tentacles (Abyss:1)
  369 starspawn tentacle segments (Abyss:1)
430 creatures vanquished.

Grand Total: 2470 creatures vanquished

Notes
Turn   | Place    | Note
--------------------------------------------------------------
     0 | D:1      | Ololoev, the Centaur Hunter, began the quest for the Orb.
     0 | D:1      | Reached XP level 1. HP: 16/16 MP: 1/1
   643 | D:1      | Reached XP level 2. HP: 23/23 MP: 2/2
   769 | D:1      | Reached skill level 5 in Crossbows
  2163 | D:2      | Reached XP level 3. HP: 25/28 MP: 3/3
  2869 | D:2      | Reached skill level 6 in Crossbows
  2888 | D:2      | Reached XP level 4. HP: 35/35 MP: 3/3
  4148 | D:3      | Reached skill level 7 in Crossbows
  4148 | D:3      | Reached XP level 5. HP: 27/40 MP: 4/4
  5092 | D:4      | Noticed Menkaure
  5097 | D:4      | Killed Menkaure
  5097 | D:4      | Reached skill level 8 in Crossbows
  5097 | D:4      | Reached XP level 6. HP: 39/47 MP: 5/5
  5186 | D:4      | Noticed an ogre
  5190 | D:4      | Killed an ogre
  5333 | D:4      | Got a shimmering robe
  5357 | D:4      | Identified the +2 robe of a treasure trove {+Inv rN+} (You found it on level 4 of the Dungeon)
  5617 | D:4      | Found an ancient bone altar of Kikubaaqudgha.
  5670 | D:4      | Reached skill level 9 in Crossbows
  5875 | D:4      | Reached XP level 7. HP: 52/52 MP: 5/5
  5904 | D:4      | Got a dull robe
  5916 | D:4      | Identified the cursed +0 robe of Duck's Teeth {+Blink} (You found it on level 4 of the Dungeon)
  6343 | D:5      | Entered Level 5 of the Dungeon
  6459 | D:5      | Reached skill level 10 in Crossbows
  6797 | D:5      | Found an opulent altar of Gozag.
  6884 | D:5      | Found a shimmering altar of Xom.
  6894 | D:5      | Found a burning altar of Makhleb.
  7035 | D:5      | Found a staircase to the Ecumenical Temple.
  7045 | Temple   | Entered the Ecumenical Temple
  7130 | Temple   | Became a worshipper of Warmaster Okawaru
  7379 | D:5      | Found a basalt altar of Yredelemnul.
  7659 | D:6      | Reached skill level 1 in Long Blades
  8294 | D:6      | Noticed Crazy Yiuf
  8341 | D:6      | Killed Crazy Yiuf
  8341 | D:6      | Reached XP level 8. HP: 59/59 MP: 6/6
  8552 | D:6      | Acquired Okawaru's first power
  8649 | D:6      | Reached skill level 5 in Long Blades
  9233 | D:7      | Reached XP level 9. HP: 64/64 MP: 7/7
  9562 | D:7      | Found a glowing golden altar of the Shining One.
  9563 | D:7      | Noticed an angel
 11118 | D:8      | Noticed Gastronok
 11532 | D:8      | Reached skill level 10 in Long Blades
 11678 | D:8      | Found a blossoming altar of Fedhas.
 11923 | D:8      | HP: 3/64 [poisoned by a water moccasin]
 12334 | D:8      | Noticed Grum
 12339 | D:8      | Received a gift from Okawaru
 12355 | D:8      | Killed Grum
 12355 | D:8      | Reached XP level 10. HP: 53/71 MP: 7/7
 12522 | D:8      | Reached skill level 11 in Long Blades
 12660 | D:8      | Got a faintly glowing steel ring
 12661 | D:8      | Identified the ring "Theonn" {+Rage MP+9 Int+3 Slay+3} (You found it on level 8 of the Dungeon)
 13553 | D:9      | Found a deep blue altar of Sif Muna.
 14074 | D:9      | Received a gift from Okawaru
 14447 | D:9      | Found a staircase to the Lair.
 14597 | D:9      | Found a shattered altar of Ashenzari.
 14639 | D:9      | Received a gift from Okawaru
 14652 | D:9      | Reached skill level 1 in Evocations
 14914 | D:8      | Killed Gastronok
 15140 | Lair:1   | Entered Level 1 of the Lair of Beasts
 15152 | Lair:1   | Got an ancient robe
 15164 | Lair:1   | Identified the +2 robe "Ycuekk" {rElec rN+ Str+2} (You found it on level 1 of the Lair of Beasts)
 15207 | Lair:1   | Reached skill level 5 in Fighting
 15301 | Lair:1   | Reached XP level 11. HP: 80/88 MP: 15/15
 15913 | Lair:1   | Noticed an eight-headed hydra
 15941 | Lair:1   | Killed an eight-headed hydra
 15941 | Lair:1   | Acquired Okawaru's second power
 15941 | Lair:1   | Reached skill level 5 in Evocations
 15967 | Lair:1   | Noticed an eight-headed hydra
 16018 | Lair:1   | Killed an eight-headed hydra
 16018 | Lair:1   | Received a gift from Okawaru
 16018 | Lair:1   | Reached skill level 12 in Long Blades
 17125 | Lair:2   | Received a gift from Okawaru
 17555 | Lair:2   | Received a gift from Okawaru
 17670 | Lair:2   | Noticed a seven-headed hydra
 17711 | Lair:2   | Killed a seven-headed hydra
 17880 | Lair:3   | Noticed a seven-headed hydra
 18151 | Lair:3   | Killed a seven-headed hydra
 18151 | Lair:3   | Received a gift from Okawaru
 18151 | Lair:3   | Reached XP level 12. HP: 53/103 MP: 22/22
 18154 | Lair:3   | Got a crude great sword {god gift}
 18155 | Lair:3   | Identified the +7 great sword of Grace {drain, rC+ Str+2} (Okawaru gifted it to you on level 3 of the Lair of Beasts)
 18510 | Lair:3   | Found a staircase to the Swamp.
 18700 | Lair:3   | Noticed a seven-headed hydra
 18736 | Lair:3   | Killed a seven-headed hydra
 19130 | Lair:4   | Noticed a five-headed hydra
 19699 | Lair:4   | Killed a six-headed hydra
 20134 | Lair:4   | Found a hole to the Spider Nest.
 20303 | Lair:4   | Received a gift from Okawaru
 20836 | Lair:4   | Received a gift from Okawaru
 20836 | Lair:4   | Reached skill level 13 in Long Blades
 20839 | Lair:4   | Got a slimy great sword {god gift}
 20840 | Lair:4   | Identified the +0 great sword of Defence by Offence {distort, rC+ rN+ Dex+2} (Okawaru gifted it to you on level 4 of the Lair of Beasts)
 21788 | Lair:5   | Reached skill level 10 in Fighting
 22165 | Lair:5   | Learned a level 3 spell: Regeneration
 22579 | Lair:6   | Found a staircase to the Slime Pits.
 22712 | Lair:6   | Reached skill level 1 in Charms
 22718 | Lair:6   | Received a gift from Okawaru
 22786 | Lair:6   | Noticed a six-headed hydra
 22811 | Lair:6   | Killed an eight-headed hydra
 22811 | Lair:6   | Reached skill level 1 in Necromancy
 23164 | Lair:6   | Reached skill level 1 in Spellcasting
 23997 | Lair:6   | Reached XP level 13. HP: 114/114 MP: 22/22
 24031 | Lair:7   | Reached skill level 1 in Armour
 24071 | Lair:7   | Learned a level 3 spell: Spectral Weapon
 24691 | Lair:7   | Identified a scroll of acquirement
 24694 | Lair:7   | Got a dazzling helmet
 24706 | Lair:7   | Identified the -5 helmet of an ice cave {rElec rPois rN+} (You acquired it on level 7 of the Lair of Beasts)
 24884 | Lair:7   | Reached skill level 1 in Hexes
 25090 | Lair:7   | Reached skill level 14 in Long Blades
 25094 | Lair:7   | Received a gift from Okawaru
 25364 | Lair:8   | Entered Level 8 of the Lair of Beasts
 25732 | Lair:8   | Received a gift from Okawaru
 25775 | Lair:8   | Got a steaming cloak
 25901 | Lair:8   | Identified the cursed -3 cloak "Socrisovvu" {rN+} (You found it on level 8 of the Lair of Beasts)
 26174 | Lair:8   | Received a gift from Okawaru
 26180 | Lair:8   | Got a creamy pearl robe
 26192 | Lair:8   | Identified the +0 robe "Eguwa" {Stlth+} (You found it on level 8 of the Lair of Beasts)
 26588 | Lair:8   | Received a gift from Okawaru
 27084 | Lair:8   | Reached XP level 14. HP: 68/122 MP: 20/23
 27299 | Lair:8   | Received a gift from Okawaru
 27816 | Lair:8   | Identified a +5 rod of destruction (12/12) (You found it on level 8 of the Lair of Beasts)
 27880 | Lair:8   | Received a gift from Okawaru
 28145 | Swamp:1  | Entered Level 1 of the Swamp
 28815 | Swamp:1  | Received a gift from Okawaru
 28910 | Swamp:1  | Noticed Louise
 28920 | Swamp:1  | Killed Louise
 28920 | Swamp:1  | Reached skill level 15 in Long Blades
 29468 | Swamp:1  | Noticed Frances
 29527 | Swamp:1  | Killed Frances
 29798 | Swamp:1  | Got a jewelled helmet
 29810 | Swamp:1  | Identified the +2 helmet of the Hidden Deaths {Dex-4} (You found it on level 1 of the Swamp)
 29885 | Swamp:1  | Reached skill level 5 in Armour
 31043 | Swamp:2  | Received a gift from Okawaru
 31469 | Swamp:2  | Reached skill level 16 in Long Blades
 31469 | Swamp:2  | Reached XP level 15. HP: 128/128 MP: 25/25
 31995 | Swamp:3  | Received a gift from Okawaru
 32960 | Swamp:4  | Found a frozen archway.
 32987 | IceCv    | Entered an ice cave
 33032 | IceCv    | Received a gift from Okawaru
 33698 | IceCv    | Received a gift from Okawaru
 34195 | IceCv    | Received a gift from Okawaru
 34196 | IceCv    | Got an iridescent quarterstaff {god gift}
 35012 | IceCv    | Got a twisted hunting sling
 35981 | Swamp:5  | Entered Level 5 of the Swamp
 36400 | Swamp:5  | Reached skill level 17 in Long Blades
 37029 | Swamp:5  | Received a gift from Okawaru
 37036 | Swamp:5  | Got a jewelled triple crossbow {god gift}
 37037 | Swamp:5  | Identified the +6 triple crossbow "Zonentygh" {freeze, Dex+3} (Okawaru gifted it to you on level 5 of the Swamp)
 37255 | Swamp:5  | Noticed the 27-headed Lernaean hydra
 37275 | Swamp:5  | Killed the 26-headed Lernaean hydra
 37350 | Swamp:5  | HP: 2/192 [11-headed hydra (14)]
 37763 | Swamp:5  | Received a gift from Okawaru
 37802 | Swamp:5  | Got a decaying rune of Zot
 37951 | Swamp:1  | Reached XP level 16. HP: 136/136 MP: 23/25
 38061 | Spider:1 | Entered Level 1 of the Spider Nest
 38228 | Spider:1 | Noticed Urug
 38234 | Spider:1 | Killed Urug
 39097 | Spider:1 | Received a gift from Okawaru
 39144 | Spider:1 | Got a slimy ring mail {god gift}
 39156 | Spider:1 | Identified the +5 ring mail of Okawaru's Hope {Str-3 Dex+2} (Okawaru gifted it to you on level 1 of the Spider Nest)
 40019 | Spider:2 | Reached skill level 18 in Long Blades
 42435 | Spider:4 | Received a gift from Okawaru
 42942 | Spider:4 | Received a gift from Okawaru
 43764 | Spider:4 | Received a gift from Okawaru
 44039 | D:10     | Entered Level 10 of the Dungeon
 44525 | D:10     | Noticed Erolcha
 44535 | D:10     | Killed Erolcha
 44793 | D:9      | Killed an unseen horror
 44811 | D:9      | Received a gift from Okawaru
 45091 | D:11     | Found a sparkling altar of Nemelex Xobeh.
 45301 | D:11     | Found a staircase to the Orcish Mines.
 45679 | D:12     | Upgraded the game from 0.16-a0-139-gc9fe9b1 to 0.16-a0-148-g3b84123
 46318 | D:12     | Learned a level 1 spell: Apportation
 46320 | D:12     | Learned a level 1 spell: Summon Butterflies
 46421 | Orc:1    | Entered Level 1 of the Orcish Mines
 46684 | Orc:2    | Found Wather's Food Emporium.
 46844 | Orc:2    | Found a burning altar of Makhleb.
 47223 | Orc:3    | Found a staircase to the Elven Halls.
 47238 | Orc:3    | Noticed Fannar
 47245 | Orc:3    | Killed Fannar
 47356 | Orc:3    | Reached XP level 17. HP: 141/141 MP: 26/26
 47698 | Orc:4    | Entered Level 4 of the Orcish Mines
 48274 | Orc:4    | Found Cofirred's Book Boutique.
 48303 | Orc:4    | Found Shrij's Antique Weapon Emporium.
 48306 | Orc:4    | Found Pamaicim's Antique Armour Emporium.
 48306 | Orc:4    | Found Abribawo's Antique Armour Boutique.
 48317 | Orc:4    | Bought a colourful robe for 199 gold pieces
 48329 | Orc:4    | Identified the +2 robe "Plajetog" {+Fly rElec Int+2 Curse} (You bought it in a shop on level 4 of the Orcish Mines)
 48384 | Elf:1    | Entered Level 1 of the Elven Halls
 48625 | Elf:1    | Reached skill level 10 in Armour
 49738 | Elf:2    | Got an encrusted scimitar
 49739 | Elf:2    | Identified the cursed +1 scimitar of Indignation {slice, Str+3} (You found it on level 2 of the Elven Halls)
 49872 | Elf:2    | Got a crude robe
 49887 | Elf:2    | Identified the +0 robe "Annic" {Str+2 Dex-1} (You found it on level 2 of the Elven Halls)
 50568 | Elf:3    | Entered Level 3 of the Elven Halls
 50589 | Elf:3    | Received a gift from Okawaru
 50859 | Elf:3    | Found Jial's Magic Scroll Boutique.
 50874 | Elf:3    | Bought a scroll of enchant armour for 82 gold pieces
 50874 | Elf:3    | Bought a scroll of torment for 82 gold pieces
 50874 | Elf:3    | Bought a scroll of enchant armour for 82 gold pieces
 50874 | Elf:3    | Bought a scroll of acquirement for 572 gold pieces
 50874 | Elf:3    | Bought a scroll of recharging for 104 gold pieces
 50874 | Elf:3    | Bought a scroll of acquirement for 572 gold pieces
 50874 | Elf:3    | Bought a scroll of identify for 22 gold pieces
 50874 | Elf:3    | Bought a scroll of fog for 22 gold pieces
 50874 | Elf:3    | Bought a scroll of identify for 22 gold pieces
 50960 | Elf:3    | Noticed Roxanne
 51139 | Elf:3    | Killed Roxanne
 51141 | Elf:3    | Identified Roxanne's Collected Works on Earthen Moulding (You took it off Roxanne on level 3 of the Elven Halls)
 51828 | Elf:3    | Reached skill level 5 in Dodging
 52216 | Elf:3    | Cast into the Abyss (deep elf sorcerer)
 52216 | Abyss:1  | Found a corrupted altar of Lugonu.
 52310 | Abyss:1  | Got a slimy arbalest
 52311 | Abyss:1  | Identified the +2 arbalest of Harmony {speed, SInv} (You found it on level 1 of the Abyss)
 52407 | Abyss:1  | Got a warped falchion
 52408 | Abyss:1  | Identified the +7 falchion "Xouxux" {venom, Dex+1} (You found it on level 1 of the Abyss)
 52423 | Abyss:1  | Got a slimy leather armour
 52712 | Abyss:1  | Identified the +0 leather armour of Smodyoz {Str+3 Stlth+ Curse} (You found it on level 1 of the Abyss)
 52721 | Abyss:1  | Found a corrupted altar of Lugonu.
 52744 | Abyss:1  | Found a burning altar of Makhleb.
 52822 | Abyss:1  | Gained mutation: Your body is slowly deteriorating. [a neqoxec]
 52927 | Abyss:1  | Reached XP level 18. HP: 149/149 MP: 27/27
 54503 | Abyss:1  | Noticed a bone dragon
 54604 | Abyss:1  | Received a gift from Okawaru
 54615 | Abyss:1  | Found a corrupted altar of Lugonu.
 54628 | Abyss:1  | Found a corrupted altar of Lugonu.
 54693 | Abyss:1  | Noticed a profane servitor
 54742 | Abyss:1  | Killed a profane servitor
 54920 | Abyss:1  | Found a blossoming altar of Fedhas.
 55069 | Abyss:1  | Found a corrupted altar of Lugonu.
 55105 | Abyss:1  | Noticed a lich
 55116 | Abyss:1  | Killed a lich
 55116 | Abyss:1  | Received a gift from Okawaru
 55116 | Abyss:1  | Reached skill level 10 in Dodging
 55117 | Abyss:1  | Got an ancient cloak {god gift}
 55201 | Abyss:1  | Found a corrupted altar of Lugonu.
 55434 | Abyss:1  | Found a corrupted altar of Lugonu.
 55644 | Elf:3    | Escaped the Abyss
 56340 | Lair:8   | Identified the +1 cloak "Shony" {SInv} (Okawaru gifted it to you on level 1 of the Abyss)
 57143 | Elf:3    | Gained mutation: Your natural rate of healing is unusually fast. [potion of beneficial mutation]
 57422 | Elf:3    | Got a dazzling falchion {elec}
 57423 | Elf:3    | Identified the +5 falchion of Forgiveness {elec, Contam +Rage rPois} (You took it off a deep elf sorcerer on level 3 of the Elven Halls)
 57603 | Elf:3    | Got a twitching tin amulet
 57604 | Elf:3    | Got a shimmering great sword {elec}
 57606 | Elf:3    | Identified the amulet "Moqamimn" {rMut Str-2 Int+1} (You took it off a deep elf demonologist on level 3 of the Elven Halls)
 57608 | Elf:3    | Identified the +1 great sword "Ultimatum" {elec, Str+1 Dex+2} (You took it off a deep elf demonologist on level 3 of the Elven Halls)
 57827 | Elf:3    | Reached XP level 19. HP: 151/156 MP: 27/27
 57892 | Elf:3    | Received a gift from Okawaru
 58356 | Elf:3    | Got a dazzling chain mail
 58368 | Elf:3    | Identified the +1 chain mail of the Devil {Dex-4 Int+3 Curse} (You found it on level 3 of the Elven Halls)
 58443 | Elf:3    | Identified the Guide on Supportive Good Luck
 58451 | Elf:3    | Got a smoking scale mail
 58463 | Elf:3    | Identified the +11 scale mail of a ziggurat {Str-3 Dex-4} (You found it on level 3 of the Elven Halls)
 59087 | Spider:5 | Entered Level 5 of the Spider Nest
 59847 | Spider:5 | Got a brightly glowing cloak
 59859 | Spider:5 | Identified the +2 cloak "Xemaex" {Str-4 Int-4} (You found it on level 5 of the Spider Nest)
 60070 | Spider:5 | Identified a +7 rod of shadows (10/10) (You took it off a deep elf sorcerer on level 3 of the Elven Halls)
 60082 | Spider:5 | Received a gift from Okawaru
 60686 | Spider:5 | Received a gift from Okawaru
 60729 | Spider:5 | Got an ichor-stained leather armour {god gift}
 60730 | Spider:5 | Identified the +2 leather armour of Hedging {rF+ Str+2} (Okawaru gifted it to you on level 5 of the Spider Nest)
 60938 | Spider:5 | Got a gossamer rune of Zot
 61536 | D:13     | Identified the Guide on Feathers
 61575 | D:13     | Noticed lennard's ghost (powerful TeAE)
 61600 | D:13     | Killed lennard's ghost
 61730 | D:13     | Got an ichor-stained leather armour
 61731 | D:13     | Identified the +2 leather armour of the Guardian {rF+} (You found it on level 13 of the Dungeon)
 61751 | D:13     | Found Ytojiar's Antique Armour Shoppe.
 61764 | D:13     | Bought an ichor-stained cloak for 209 gold pieces
 61764 | D:13     | Bought a slimy ring mail for 198 gold pieces
 61764 | D:13     | Bought a pair of glowing gloves for 99 gold pieces
 61789 | D:13     | Identified the cursed +0 cloak of Yredelemnul's Favour {Slay+4} (You bought it in a shop on level 13 of the Dungeon)
 61813 | D:13     | Identified the +1 ring mail of the Doldrums {rC+ Str+3 Curse} (You bought it in a shop on level 13 of the Dungeon)
 61837 | D:13     | Found an iron altar of Okawaru.
 62069 | D:13     | Found a gate to the Vaults.
 62313 | D:14     | Noticed Nergalle
 62316 | D:14     | Killed Nergalle
 62546 | D:14     | Noticed Josephine
 62557 | D:14     | Killed Josephine
 62796 | D:15     | Entered Level 15 of the Dungeon
 62990 | D:15     | Found a staircase to the Depths.
 63106 | D:15     | Found Gozag's Platinum Reserve.
 63112 | D:15     | Found an opulent altar of Gozag.
 63492 | Vaults:1 | Entered Level 1 of the Vaults
 63668 | Vaults:1 | Received a gift from Okawaru
 63793 | Vaults:1 | Noticed Agnes
 63810 | Vaults:1 | Killed Agnes
 63891 | Vaults:1 | Reached XP level 20. HP: 161/163 MP: 28/28
 64440 | Vaults:1 | Found Kloneo's Armour Shoppe.
 64464 | Vaults:1 | Reached skill level 15 in Dodging
 65508 | Vaults:2 | Found a staircase to the Crypt.
 65600 | Vaults:2 | Received a gift from Okawaru
 66396 | Vaults:2 | Received a gift from Okawaru
 66441 | Vaults:2 | Received a gift from Okawaru
 66564 | Vaults:2 | Received a gift from Okawaru
 67334 | Vaults:2 | Found Quydgh's Antique Armour Shop.
 67374 | Vaults:2 | Bought an encrusted scale mail for 315 gold pieces
 67386 | Vaults:2 | Identified the +7 scale mail of Quats {rF++ Str+3} (You bought it in a shop on level 2 of the Vaults)
 67461 | Vaults:2 | Reached XP level 21. HP: 141/172 MP: 29/29
 67635 | Vaults:2 | Identified The Intricacies of Sorcery
 67646 | Vaults:2 | Got an ancient leather armour
 67658 | Vaults:2 | Identified the +0 leather armour of the Vacuum {Dex-2 Int+3} (You found it on level 2 of the Vaults)
 67824 | Vaults:3 | Received a gift from Okawaru
 68158 | Vaults:3 | Received a gift from Okawaru
 68541 | Vaults:3 | Received a gift from Okawaru
 68545 | Vaults:3 | Got a polished arbalest {god gift}
 68546 | Vaults:3 | Identified the +5 arbalest "Gig Asm" {flame, rF- Str+1 Int+1} (Okawaru gifted it to you on level 3 of the Vaults)
 69505 | Vaults:4 | Noticed Jory
 69658 | Vaults:4 | Killed Jory
 69663 | Vaults:4 | Received a gift from Okawaru
 70604 | Vaults:4 | Received a gift from Okawaru
 70887 | Vaults:4 | Received a gift from Okawaru
 71118 | Vaults:4 | Noticed Sojobo
 71128 | Vaults:4 | Reached skill level 15 in Fighting
 71225 | Vaults:4 | Killed Sojobo
 71225 | Vaults:4 | Reached XP level 22. HP: 109/192 MP: 10/29
 71573 | Vaults:4 | Received a gift from Okawaru
 71598 | Vaults:4 | Paralysed by a red wasp for 3 turns
 71605 | Vaults:4 | Paralysed by a red wasp for 3 turns
 71608 | Vaults:4 | HP: 2/193 [yaktaur captain (12)]
 71608 | Vaults:4 | Mangled by a tentacled monstrosity

Action                   |  1- 3 |  4- 6 |  7- 9 | 10-12 | 13-15 | 16-18 | 19-21 | 22-24 || total
-------------------------+-------+-------+-------+-------+-------+-------+-------+-------++-------
Melee: Short sword       |   271 |       |    28 |       |       |       |       |       ||   299
       Dagger            |       |   177 |    64 |       |       |       |       |       ||   241
       Falchion          |       |       |   271 |   209 |       |       |       |       ||   480
       Great sword       |       |       |       |   231 |   778 |  1646 |  1951 |    79 ||  4685
 Fire: Hand crossbow     |    22 |    39 |   269 |   311 |    94 |       |       |       ||   735
       Arbalest          |       |       |       |       |   178 |    12 |       |       ||   190
       Triple crossbow   |       |       |       |       |     7 |    67 |    62 |       ||   136
 Cast: Regeneration      |       |       |       |       |     5 |    64 |     4 |       ||    73
       Spectral Weapon   |       |       |       |       |       |       |     1 |       ||     1
Invok: Heroism           |       |       |       |       |       |     1 |       |       ||     1
 Abil: Evoke Berserk Rag |       |       |       |     1 |    13 |    12 |    10 |     1 ||    37
       Evoke Flight      |       |       |       |       |       |     6 |       |       ||     6
       Stop Flying       |       |       |       |       |       |     1 |       |       ||     1
Evoke: Wand              |       |       |     3 |    11 |    21 |     8 |     3 |       ||    46
       Rod               |       |       |       |       |     2 |       |     2 |       ||     4
       Deck              |       |       |       |       |     1 |       |       |       ||     1
       Lamp of fire      |       |       |       |       |       |       |     2 |       ||     2
  Use: Potion            |     2 |       |       |     2 |    10 |     6 |     4 |     2 ||    26
       Scroll            |       |     4 |     3 |    15 |    19 |    26 |    18 |       ||    85
 Stab: Petrifying        |       |       |       |       |     1 |       |       |       ||     1
       Petrified         |       |       |       |       |     1 |       |       |       ||     1
       Distracted        |       |       |       |       |     1 |       |       |       ||     1
       Held in net/web   |       |       |       |       |       |       |     1 |       ||     1
  Eat: Chunk             |     1 |     9 |    10 |    12 |    18 |    31 |    14 |     1 ||    96
       Bread ration      |     1 |       |       |       |       |     1 |     5 |       ||     7
       Pizza             |       |       |     3 |       |     2 |     1 |     1 |       ||     7
       Royal jelly       |       |       |     1 |     1 |       |       |       |       ||     2
       Meat ration       |       |       |       |     2 |       |     7 |     3 |       ||    12
       Beef jerky        |       |       |       |     1 |     7 |     3 |     2 |       ||    13
       Fruit             |       |       |       |     6 |    24 |       |     2 |       ||    32
